AoeStats
← Cnry

Arena

510636583Analyzed
2v2 RM · 24h ago on Oct 1, 2026· 40m 3s· 4 players
Game mode
Random Map
Map size
Medium (4 player)
Population
200
Speed
Normal
Resources
Standard
Victory
Conquest
Starting age
Dark Age
Ending age
Imperial Age
RankedLock teamsTeams togetherTeam positionsShared explorationLock speedFull tech treeHidden civsTurbo modeCheats
Victory
Defeat
🇧🇷 Franks · Brazil
868
+18
🇪🇸 Cumans · Spain
864
+18
🇨🇱 Cumans · Chile
925
-18
🇨🇱 Franks · Chile
908
-18
Cnry
5:19 Loom
11:35 Feudal Age
14:21 Wheelbarrow
15:56 Double-Bit Axe
20:12 Castle Age
18:19 Horse Collar
19:10 Stone Mining
21:15 Hand Cart
21:27 Heavy Plow
21:26 Gold Mining
22:57 Bow Saw
29:28 Imperial Age
28:22 Scale Barding Armor
28:28 Forging
28:47 Bloodlines
30:12 Gold Shaft Mining
29:34 Elite Steppe Lancer
30:40 Chain Barding Armor
30:56 Iron Casting
31:39 Conscription
31:57 Plate Barding Armor
34:19 Capped Ram
ftgiants
9:55 Feudal Age
19:21 Castle Age
17:25 Double-Bit Axe
17:56 Stone Mining
18:44 Gold Mining
22:08 Wheelbarrow
22:41 Bow Saw
25:02 Scale Barding Armor
26:05 Padded Archer Armor
25:55 Fletching
30:45 Imperial Age
28:23 Husbandry
29:33 Forging
29:14 Fletching
31:33 Leather Archer Armor
31:14 Bodkin Arrow
33:37 Chemistry
32:59 Ballistics
34:00 Hand Cart
36:04 Conscription
35:13 Cavalier
36:48 Chain Barding Armor
37:03 Elite Throwing Axeman
38:25 Iron Casting
bryan.serrailler
11:12 Feudal Age
13:13 Gold Mining
13:37 Double-Bit Axe
14:29 Wheelbarrow
16:07 Stone Mining
16:48 Loom
21:29 Castle Age
22:53 Bow Saw
23:02 Hand Cart
25:21 Scale Barding Armor
26:19 Gold Shaft Mining
30:09 Husbandry
32:53 Town Watch
35:42 Imperial Age
34:08 Caravan
33:51 Pikeman
35:51 Squires
36:48 Elite Skirmisher
37:02 Cavalier
39:02 Forging
39:26 Chain Barding Armor
39:07 Scale Mail Armor
38:30 Halberdier
pablodespiau
6:56 Loom
11:43 Feudal Age
12:21 Double-Bit Axe
12:28 Gold Mining
13:21 Horse Collar
17:46 Man-at-Arms
21:45 Forging
21:27 Fletching
24:04 Wheelbarrow
29:52 Castle Age
30:05 Scale Mail Armor
30:19 Stone Mining
30:34 Heavy Plow
31:45 Gold Shaft Mining
33:25 Bodkin Arrow
33:46 Padded Archer Armor
38:06 Imperial Age
36:26 Steppe Husbandry
36:07 Pikeman
37:44 Thumb Ring
Connection lost

Rejoining the realm…

Still unreachable

The connection could not be restored.

Session expired

The server has moved on; the page needs a fresh start.